 Dungeon Crawl Stone Soup version 0.30.1-11-g7821555f0a (webtiles) character file.

Game seed: 232754817367563625

1789 KyoPewz the Cleaver (level 8, 0/54 (56) HPs)
             Began as a Demonspawn Warper on Jan 6, 2024.
             Was an Initiate of Wu Jian.
             Succumbed to a water moccasin's poison
             ... on level 7 of the Dungeon.
             The game lasted 00:23:10 (6772 turns).

KyoPewz the Cleaver (Demonspawn Warper)             Turns: 6772, Time: 00:23:11

HP:   0/54 (56)     AC:  7    Str: 17    XL:     8   Next: 82%
MP:   19/20         EV: 14    Int: 19    God:    Wu Jian [......]
Gold: 259           SH:  4    Dex: 17    Spells: 1/11 levels left

rFire   . . .        x - +0 war axe
rCold   . . .        (no shield)
rNeg    . . .        L - +4 robe of Augmentation {Str+4 Int+4 Dex+4}
rPois   .            (no helmet)
rElec   .            y - +0 cloak
rCorr   .            (no gloves)
SInv    +            (no boots)
Will    .....        (no amulet)
Stlth   ++           r - ring of magical power
HPRegen 0.29/turn    S - ring of see invisible
MPRegen 0.17/turn

%: no passive effects
@: lethally poisoned (0 -> -17), attractive, lightly drained
A: claws 1, repulsion field 1, foul stench 1, condensation shield
a: Renounce Religion


You were on level 7 of the Dungeon.
You worshipped Wu Jian.
Wu Jian was noncommittal.
You visited 2 branches of the dungeon, and saw 8 of its levels.

You collected 259 gold pieces.

Inventory:

Hand Weapons
 a - a +0 hand axe
 c - a +0 long sword
 x - a +0 war axe (weapon)
Missiles
 d - 3 boomerangs of dispersal (quivered)
 e - 46 stones
 k - 4 boomerangs
 z - 12 poisoned darts
Armour
 b - a +0 leather armour
 w - a +0 chain mail
 y - a +0 cloak (worn)
 A - a +0 plate armour
 C - a +0 ring mail
 L - the +4 robe of Augmentation (worn) {Str+4 Int+4 Dex+4}
   (You found it on level 5 of the Dungeon)

   Str:       It affects your strength (+4).
   Int:       It affects your intelligence (+4).
   Dex:       It affects your dexterity (+4).
Jewellery
 r - a ring of magical power (left claw)
 E - an amulet of faith
 S - a ring of see invisible (right claw)
Wands
 D - a wand of flame (20)
Scrolls
 h - 6 scrolls of identify {unknown}
 i - 2 scrolls of amnesia {unknown}
 j - a scroll of magic mapping {unknown}
 o - a scroll of noise {unknown}
 t - a scroll of enchant armour {unknown}
 u - a scroll of fog {unknown}
 B - a scroll of blinking
 H - a scroll of enchant weapon {unknown}
 J - 3 scrolls of immolation {unknown}
Potions
 f - 2 potions of lignification {unknown}
 g - a potion of magic {unknown}
 l - 2 potions of invisibility {unknown}
 m - 2 potions of berserk rage
 n - 3 potions of resistance
 p - a potion of haste {unknown}
 q - a potion of ambrosia {unknown}
 s - 2 potions of attraction
 v - a potion of degeneration {unknown}
 F - 2 potions of curing {unknown}
 G - a potion of brilliance {unknown}
 I - a potion of might {unknown}
 K - a potion of flight {unknown}


   Skills:
 - Level 2.0 Fighting
 * Level 8.7 Axes
 - Level 0.8 Throwing
 - Level 0.8 Armour
 - Level 1.7 Dodging
 - Level 2.0 Spellcasting
 + Level 6.2 Translocations
 + Level 2.2 Air Magic


You had one spell level left.
You knew the following spells:

 Your Spells              Type           Power      Damage    Failure   Level
a - Teleport Other        Tloc           25%        N/A       4%          3
b - Blink                 Tloc           50%        N/A       1%          2
c - Vhi's Electric Charg  Tloc/Air       34%        N/A       9%          3
d - Lesser Beckoning      Tloc           50%        N/A       1%          2

Your spell library contained the following spells:

 Spells                   Type           Power      Damage    Failure   Level
 Summon Small Mammal      Summ           4%         N/A       17%         1
 Manifold Assault         Tloc           25%        N/A       13%         4
 Sublimation of Blood     Necr           1%         N/A       26%         2
 Call Canine Familiar     Summ           1%         N/A       45%         3
 Summon Guardian Golem    Hex/Summ       1%         N/A       45%         3
 Petrify                  Tmut/Erth      1%         N/A       86%         4
 Arcjolt                  Conj/Air       3%         1d13      96%         5
 Irradiate                Conj/Tmut      0%         3d11      99%         5
 Storm Form               Tmut/Air       3%         N/A       100%        7
 Maxwell's Capacitive Co  Air            5%         ∞         100%        8


Dungeon Overview and Level Annotations

Branches:
Dungeon (7/15)             Temple (1/1) D:7

Altars:
Ashenzari
Dithmenos
Fedhas
Gozag
Hepliaklqana
Makhleb
Nemelex Xobeh
Okawaru
Qazlal
Ru
Sif Muna
Trog
Uskayaw
Vehumet
Wu Jian
Xom
Yredelemnul


Innate Abilities, Weirdness & Mutations

You have sharp fingernails.
You are surrounded by a mild repulsion field. (EV +2)
You may rarely emit foul miasma when damaged in melee.
A meltable shield of frost defends you. (SH +4)


Message History

The wight hits you with a +3 morningstar of freezing!
The wight freezes you.
You take 9 damage, and have 47/56 hp.
You slash the wight!
The wight is heavily damaged.
The wight completely misses you.
You hit the wight but do no damage.
The wight is heavily damaged.
The wight misses you.
You hit the wight but do no damage. Your claw misses the wight.
The wight is heavily damaged.
The wight hits you with a +3 morningstar of freezing!
You feel drained. The wight freezes you. The wight completely misses you.
You take 18 damage, and have 30/54 hp.
MASSIVE DAMAGE!!
You hit the wight.
The wight is heavily damaged.
The wight hits you with a +3 morningstar of freezing!
* * * LOW HITPOINT WARNING * * *
The wight freezes you.
* * * LOW HITPOINT WARNING * * *
You take 20 damage, and have 10/54 hp.
MASSIVE DAMAGE!!
Casting: Blink (safe; 1% risk of failure)
Confirm with . or Enter, or press ? or * to list all spells.
You blink.
A howler monkey and a water moccasin come into view.
Found 17 gold pieces.
Found a stone staircase leading up.
You now have 18/20 mp.
A shadow imp comes into view.
Found a leather armour.
Found a stone staircase leading down.
The shadow imp shouts, "Away with thee, thou canting weeb-spouting baggage!"
You feel stable enough to blink again.
The water moccasin hisses angrily.
The water moccasin bites you!
* * * LOW HITPOINT WARNING * * *
You are lethally poisoned!
The water moccasin poisons you!
You take 8 damage, and have 3/54 hp.
It was a potion of attraction.
You feel attractive to monsters.
You die...

.......).).....# #### #.
........###....##...##..
........<##$...#........
.........##.............
.........##........5....
##............z.........
#.......#...........###
........#....##.S...###
........@.......
...h...........##
........[.<....#
....$...>......#
.......#....## .....$.
....# ....... .##..
......# .# ...


You could see a water moccasin, a howler monkey (asleep), a wight and a shadow
imp.

Vanquished Creatures
  Sigmund (D:4)
  Edmund (D:3)
  A water moccasin (D:5)
  A sky beast (D:3)
  An ogre (D:5)
  3 phantoms
  A kobold brigand (D:3)
  A bullfrog (D:6)
  4 scorpions
  3 wights (D:7)
  2 orc priests
  5 iguanas
  An orc wizard (D:3)
  3 adders
  11 gnolls
  A shadow imp (D:5)
  An ufetubus (D:5)
  4 worms
  3 dart slugs
  17 orcs
  8 endoplasms
  6 giant cockroaches
  10 goblins
  7 hobgoblins
  6 jackals
  2 quokkas
  5 ball pythons
  5 bats
  5 frilled lizards
  5 kobolds
  3 rats
127 creatures vanquished.

Notes
Turn   | Place    | Note
-------+----------+-------------------------------------------
     0 | D:1      | KyoPewz the Demonspawn Warper began the quest for the Orb.
     0 | D:1      | Reached XP level 1. HP: 16/16 MP: 3/3
     6 | D:1      | Noticed a hound
     6 | D:1      | Noticed a black mamba
     7 | D:1      | Noticed a snapping turtle
     7 | D:1      | Noticed a seven-headed hydra
    73 | D:1      | Reached skill level 2 in Axes
   136 | D:1      | Gained mutation: You are surrounded by a mild repulsion
                  | field. (EV +2) [demonic ancestry]
   136 | D:1      | Reached XP level 2. HP: 11/22 MP: 5/5
   188 | D:1      | Learned a level 2 spell: Blink
   231 | D:1      | Found a faded altar of an unknown god.
   668 | D:2      | Reached skill level 3 in Axes
   806 | D:2      | Gained mutation: A meltable shield of frost defends you.
                  | (SH +4) [demonic ancestry]
   806 | D:2      | Reached XP level 3. HP: 8/27 MP: 6/6
  1621 | D:3      | Reached XP level 4. HP: 33/33 MP: 7/7
  1746 | D:3      | Reached skill level 4 in Axes
  1760 | D:3      | Noticed a scorpion
  1771 | D:3      | Killed a scorpion
  1826 | D:3      | Learned a level 3 spell: Teleport Other
  1999 | D:3      | Reached XP level 5. HP: 30/38 MP: 8/8
  2008 | D:3      | Noticed a sky beast
  2050 | D:2      | Reached skill level 5 in Axes
  2544 | D:3      | Killed a sky beast
  2545 | D:3      | Reached XP level 6. HP: 5/44 MP: 9/9
  2752 | D:3      | Found a shimmering blue altar of Sif Muna.
  3060 | D:3      | Learned a level 3 spell: Vhi's Electric Charge
  3118 | D:4      | Reached skill level 6 in Axes
  3258 | D:4      | Gained mutation: You may rarely emit foul miasma when
                  | damaged in melee. [demonic ancestry]
  3258 | D:4      | Reached XP level 7. HP: 50/50 MP: 10/10
  3275 | D:4      | Noticed Edmund
  3651 | D:3      | Killed Edmund
  3906 | D:4      | Found a broken altar of Ashenzari.
  4104 | D:4      | Reached skill level 5 in Translocations
  4186 | D:4      | Noticed Sigmund
  4200 | D:4      | Killed Sigmund
  4201 | D:4      | Reached skill level 7 in Axes
  4447 | D:3      | Gained mutation: You have sharp fingernails. [demonic
                  | ancestry]
  4447 | D:3      | Reached XP level 8. HP: 54/56 MP: 11/11
  4635 | D:5      | Entered Level 5 of the Dungeon
  4984 | D:5      | Found the +4 robe of Augmentation {Str+4 Int+4 Dex+4}
  5336 | D:5      | Reached skill level 8 in Axes
  5625 | D:5      | Reached skill level 1 in Air Magic
  6062 | D:5      | Learned a level 2 spell: Lesser Beckoning
  6175 | D:6      | You fall into a shaft and drop 1 floor!
  6175 | D:7      | Found a staircase to the Ecumenical Temple.
  6215 | Temple   | Entered the Ecumenical Temple
  6511 | Temple   | Became a worshipper of the Wu Jian Council
  6772 | D:7      | Succumbed to a water moccasin's poison

Illustrated notes

Levels and vault maps discovered:
D:1:      onia_arrival_zoo_common, layout_rooms, ebering_ecumenical_altar_webs,
          serial_park_tiny_2, fountainhead
D:2:      layout_loops_cross
D:3:      minmay_door_path, layout_rooms, nicolae_sif_muna_condensation
D:4:      layout_rooms, mainiacjoe_overflow_alcove_4, uniq_edmund, uniq_sigmund
D:5:      layout_basic
D:6:      layout_cave_pools, serial_shops, nicolae_shop_drivethru
D:7:      layout_rooms, gammafunk_temple_overflow_pools,
          minmay_temple_entry_statues_fountains
Temple:   minmay_temple_bridge_d

Skill      XL: |  1  2  3  4  5  6  7  8 |
---------------+-------------------------+-----
Axes           | 2 3 4 5 6 7 8 |  8.7
Translocations | 3 4 5 6 |  6.2
Air Magic      | 2 |  2.2
Fighting       | |  2.0
Throwing       | |  0.8
Armour         | |  0.8
Dodging        | |  1.7
Spellcasting   | |  2.0

Action                     |  1- 3 |  4- 6 |  7- 9 || total
---------------------------+-------+-------+-------++-------
  Melee: Hand axe          |   174 |   106 |       ||   280
         Punch             |     4 |     3 |     2 ||     9
         War axe           |       |    75 |   265 ||   340
  Throw: Boomerang         |       |     1 |     4 ||     5
         Stone             |       |     1 |       ||     1
         Dart              |       |       |     7 ||     7
   Cast: Blink             |     1 |     5 |     7 ||    13
Ability: Lunge             |       |       |     1 ||     1
  Evoke: Wand              |       |     2 |     3 ||     5
    Use: Potion            |       |     2 |     1 ||     3
   Stab: Sleeping          |     1 |       |     2 ||     3
 Armour: Leather armour    |    38 |    17 |       ||    55
         Chain mail        |       |    20 |       ||    20
         Ring mail         |       |    19 |    20 ||    39
         Robe              |       |       |    23 ||    23
  Dodge: Dodged            |   115 |   108 |   179 ||   402
  Block: Other             |    14 |    32 |    40 ||    86
